 Dungeon Crawl Stone Soup version 0.18.1-8-gdd0e5ea (webtiles) character file.

49 kokalle the Ruffian (level 3, -7/31 HPs)
             Began as a Ghoul Monk on May 29, 2016.
             Mangled by a gnoll
             ... wielding a +0 halberd
              (12 damage)
             ... on level 2 of the Dungeon.
             The game lasted 00:15:23 (1015 turns).

kokalle the Ruffian (Ghoul Monk)                    Turns: 1015, Time: 00:15:24

Health: -7/31      AC:  2    Str: 15    XL:     3   Next: 77%
Magic:  2/2        EV: 13    Int:  5    God:
Gold:   33         SH:  0    Dex: 11    Spells: 0 memorised, 2 levels left

rFire  . . .     SeeInvis .       - Unarmed
rCold  + . .     Gourm    .     a - +0 robe
rNeg   + + +     Faith    .     (no shield)
rPois  ∞         Spirit   .     (no helmet)
rElec  .         Dismiss  .     (no cloak)
rCorr  .         Reflect  .     (no gloves)
SustAt .         Harm     .     (no boots)
MR     .....                    (no amulet)
Stlth  ++........               (no ring)
                                (no ring)

@: rotting, not resistant to hostile enchantments, unstealthy
A: rotting body, claws 1, carnivore 3, cold resistance 1, negative energy
resistance 3, slow regeneration 1, torment resistance, unbreathing
a: no special abilities


You were on level 2 of the Dungeon.
You were not hungry.

You visited 1 branch of the dungeon, and saw 2 of its levels.

You collected 33 gold pieces.

Inventory:

Hand Weapons
 e - a +0 club
Missiles
 g - 15 poisoned needles
 r - 4 stones (quivered)
Armour
 a - a +0 robe (worn)
 j - a +0 ring mail
 k - a cursed +0 leather armour
 l - a +0 robe
Jewellery
 p - an uncursed ring of magical power {unknown}
Scrolls
 c - 2 scrolls of noise {unknown}
 d - a scroll of fog
 m - a scroll of magic mapping
 o - 2 scrolls of identify
 q - a scroll of recharging {unknown}
Potions
 h - 2 potions of brilliance {unknown}
 n - a potion of flight {unknown}
 s - a potion of curing {unknown}
Comestibles
 b - 2 meat rations
 f - a bread ration
 i - a beef jerky
 t - a chunk of flesh


   Skills:
 + Level 3.6 Fighting
 + Level 3.2 Dodging
 + Level 2.5 Stealth
 + Level 5.0 Unarmed Combat


You had 2 spell levels left.
You didn't know any spells.

Dungeon Overview and Level Annotations

Branches:
Dungeon (2/15)

Altars:


Innate Abilities, Weirdness & Mutations

Your body is rotting away.
You thrive on raw meat.
You are immune to poison.
You have sharp fingernails.
You are carnivorous and can eat meat at any time.
Your flesh is cold resistant.
You are immune to negative energy.
You regenerate slowly when monsters are visible.
You are immune to unholy pain and torment.
You can survive without breathing.


Message History

You completely miss the gnoll.
The gnoll is severely wounded.
The gnoll closely misses you. The gnoll barely misses you.
You scratch the gnoll.
You kill the gnoll!
You scratch the worm.
The worm is moderately wounded.
The gnoll barely misses you.
You claw the worm!
The worm is severely wounded.
The gnoll misses you. The worm barely misses you.
You scratch the worm. You claw the worm.
You kill the worm!
Your Unarmed Combat skill increases to level 5!
The gnoll hits you from afar with a halberd.
* * * LOW HITPOINT WARNING * * *
The gnoll hits you with a club.
* * * LOW HITPOINT WARNING * * *
The gnoll hits you from afar with a halberd!
You die...

..# ...# # ...#
. .# ....# ..
##. #... # ..
#.⌠ ##.. ...
#.##.##K##....(
#...#.gg)......
#....@####.....
#.#..<# ...
##### .


You could see 2 gnolls and a kobold.

Vanquished Creatures
  2 gnolls (D:2)
  A worm (D:2)
  2 dart slugs (D:1)
  A giant cockroach (D:1)
  A goblin (D:1)
  3 hobgoblins (D:1)
  2 bats (D:1)
  A giant newt (D:1)
  6 kobolds (D:1)
  5 rats
24 creatures vanquished.

Notes
Turn   | Place    | Note
--------------------------------------------------------------
     0 | D:1      | kokalle the Ghoul Monk began the quest for the Orb.
     0 | D:1      | Reached XP level 1. HP: 19/19 MP: 0/0
   431 | D:1      | Reached XP level 2. HP: 26/26 MP: 1/1
   818 | D:1      | Reached XP level 3. HP: 26/31 MP: 2/2
  1014 | D:2      | Reached skill level 5 in Unarmed Combat
  1015 | D:2      | Mangled by a gnoll

Skill      XL: |  1  2  3 |
---------------+----------+-----
Dodging        | 3 |  3.2
Unarmed Combat | 5 |  5.0
Fighting       | |  3.6
Stealth        | |  2.5

Action                   || total
-------------------------++-------
Melee: Unarmed           ||    65
       Punch             ||     4
  Use: Scroll            ||     2
 Stab: Sleeping          ||     3
  Eat: Chunk             ||     8
Armor: Robe              ||    11
Dodge: Dodged            ||    44
